 Dungeon Crawl Stone Soup version 0.26-a0-631-ged93497179 (webtiles) character file.

Game seed: 12624209025554761312

28898 DogServant the Formicid Catastrophe (level 13, -2/104 HPs)
             Began as a Formicid Fighter on Sept 12, 2020.
             Was an Elder of Qazlal.
             Slain by an orc warrior
             ... wielding a cursed +0 hand axe
              (14 damage)
             ... on level 14 of the Dungeon.
             The game lasted 00:44:15 (13424 turns).

DogServant the Formicid Catastrophe (FoFi)         Turns: 13424, Time: 00:44:15

Health: -2/104     AC: 22    Str: 24    XL:     13   Next: 76%
Magic:  16/22      EV: 13    Int: 10    God:    Qazlal [****..]
Gold:   409        SH: 17    Dex: 10    Spells: 17/18 levels left

rFire    . . .     SeeInvis +   a - +4 scimitar (flame)
rCold    . . .     Faith    .   c - +0 kite shield
rNeg     . . .     Spirit   .   G - +0 plate armour
rPois    .         Reflect  .   (helmet unavailable)
rElec    .         Harm     .   (no cloak)
rCorr    .         Rampage  .   z - +1 pair of gloves
MR       +....                  x - +0 pair of boots
Stlth    ..........             (no amulet)
HPRegen  0.27/turn              q - +4 ring of protection
MPRegen  0.18/turn              e - +4 ring of evasion

@: mighty, lethally poisoned (-2 -> -2), repel missiles
A: permanent stasis, dig shafts and tunnels, four strong arms, antennae 3
a: Dig, Shaft Self, Upheaval, Elemental Force, Renounce Religion


You were on level 14 of the Dungeon.
You worshipped Qazlal.
Qazlal was greatly pleased with you.
You visited 2 branches of the dungeon, and saw 15 of its levels.
You also visited: Ice Cave.

You collected 759 gold pieces.
You spent 350 gold pieces at shops.

Inventory:

Hand Weapons
 a - a +4 scimitar of flaming (weapon)
 A - a +3 long sword
 P - a +5 executioner's axe of freezing
 Q - a +0 vorpal broad axe
 R - the +9 falchion "Cofeck" {freeze, rPois rN++ Int-5, unknown}
   (You found it on level 13 of the Dungeon)

   It has been specially enchanted to freeze those struck by it, causing extra
   injury to most foes and up to half again as much damage against particularly
   susceptible opponents.
   It can also slow down cold-blooded creatures.
   It affects your intelligence (-5).
   It protects you from poison.
   It greatly protects you from negative energy.
Armour
 c - a +0 kite shield (worn)
 v - a cursed +0 tower shield
 x - a +0 pair of boots (worn)
 z - a +1 pair of gloves (worn)
 G - a +0 plate armour (worn)
Jewellery
 e - a +4 ring of evasion (right hand)
 g - an uncursed amulet of faith
 l - an uncursed ring of wizardry
 q - a +4 ring of protection (left hand)
 B - an uncursed ring of protection from cold
Wands
 s - a wand of digging (12)
 F - a wand of random effects (10)
 J - a wand of iceblast (3)
 N - a wand of paralysis (6)
Scrolls
 f - a scroll of random uselessness {unknown}
 j - 6 scrolls of magic mapping {unknown}
 o - 4 scrolls of remove curse {unknown}
 r - 3 scrolls of enchant weapon
 t - 4 scrolls of amnesia {unknown}
 w - 3 scrolls of fog
 y - a scroll of brand weapon {unknown}
 C - a scroll of enchant armour {unknown}
 E - 2 scrolls of summoning {unknown}
 H - a scroll of vulnerability {unknown}
 O - a scroll of identify
Potions
 b - a potion of stabbing
 h - 2 potions of brilliance
 i - 3 potions of flight {unknown}
 k - 2 potions of berserk rage {unknown}
 m - 11 potions of curing
 n - 2 potions of magic {unknown}
 p - 2 potions of lignification {unknown}
 u - a potion of haste {unknown}
 D - a potion of ambrosia {unknown}
 I - a potion of invisibility {unknown}
 K - 2 potions of resistance {unknown}
 L - a potion of cancellation {unknown}
 M - a potion of mutation {unknown}


   Skills:
 + Level 10.4 Fighting
 - Level 9.3 Long Blades
 * Level 0.5 Axes
 + Level 10.2 Armour
 + Level 5.6 Dodging
 + Level 11.0 Shields
 - Level 3.1 Spellcasting
 - Level 2.5 Air Magic
 * Level 13.2 Invocations


You had 17 spell levels left.
You knew the following spells:

 Your Spells              Type           Power        Failure   Level
a - Shock                 Conj/Air       #...         88%         1

Your spell library contained the following spells:

 Spells                   Type           Power        Failure   Level
 Static Discharge         Conj/Air       #.......     99%         3
 Airstrike                Air            #.........   100%        4
 Cause Fear               Hex            #.........   100%        4
 Lightning Bolt           Conj/Air       #.........   100%        5
 Silence                  Hex/Air        #.........   100%        5
 Summon Demon             Summ           #.........   100%        5
 Summon Forest            Summ/Tloc      #.........   100%        5
 Summon Mana Viper        Hex/Summ       #.......     100%        5
 Yara's Violent Unravell  Hex/Tmut       #.........   100%        5
 Shadow Creatures         Summ           N/A          100%        6
 Haunt                    Necr/Summ      #.........   100%        7
 Summon Hydra             Summ           #.........   100%        7
 Borgnjor's Revivificati  Necr           #.........   100%        8
 Discord                  Hex            #.........   100%        8
 Infestation              Necr           #.........   100%        8
 Necromutation            Tmut/Necr      #.........   100%        8
 Death's Door             Necr           #.........   100%        9
 Swiftness                Air            Unusable     N/A         2

Dungeon Overview and Level Annotations

Branches:
Dungeon (13/15)            Temple (0/1) D:6            Lair (0/6) D:9
    Orc (1/2) D:10          IceCv (visited)
 Vaults: D:13-14

Altars:
Ashenzari
Cheibriados
Fedhas
Hepliaklqana
Kikubaaqudgha
Makhleb
Nemelex Xobeh
Okawaru
Qazlal
Uskayaw
Xom
Yredelemnul

Shops:
D:4 :   D:7 *


Innate Abilities, Weirdness & Mutations

You cannot be hasted, slowed, berserked, paralysed or teleported.
You can dig through walls and to a lower floor.
Your four strong arms can wield two-handed weapons with a shield.
You have a pair of large antennae on your head. (SInv)


Message History

The deep elf mage mumbles some strange words.
The deep elf mage blinks!
You turn to flesh and can move again.
Okay, then.
Clouds arounds you coalesce and take form!
You feel sick. You block the tengu warrior's attack.
The tengu warrior hits your earth elemental but does no damage.
The tengu warrior pecks you.
* * * LOW HITPOINT WARNING * * *
The tengu warrior claws you but does no damage.
The orc hits you but does no damage.
The skeletal warrior hits you with a +0 long sword.
* * * LOW HITPOINT WARNING * * *
The orc closely misses your fire elemental.
The death knight offers itself to Yredelemnul, and fills with unholy energy.
The tengu conjurer is engulfed in freezing vapours.
The tengu conjurer closely misses you.
The tengu conjurer barely misses you. x2
The wraith is struck by lightning.
The orc warrior hits you with a cursed +0 hand axe!
You die...

#. .
.#.#####.
.........
........##
.........#
......o..#
....CEzEo#
...Z.*Q@o#
.....WQpW#
......E§##
........#
........#
........#
........#
.........
#######


You could see a death knight (reflects damage), a skeletal warrior, a tengu
warrior, a cyclops, an earth elemental (summoned), 2 wraiths, a tengu conjurer,
an orc warrior, a battlesphere, 2 orcs, a centaur warrior skeleton, a friendly
earth elemental (summoned) and a friendly fire elemental (summoned).

Vanquished Creatures
  Nessos (D:12)
  Snorg (D:13)
  A centaur warrior (D:13)
  8 two-headed ogres
  Urug (D:11)
  Nergalle (D:12)
  An unseen horror (D:12)
  A cyclops (D:12)
  3 ugly things
  Maurice (D:12)
  3 ice statues (IceCv)
  Psyche (D:11)
  A gargoyle (D:11)
  A komodo dragon (D:10)
  A hornet (D:13)
  3 trolls
  2 hippogriffs
  A meliai zombie (D:11)
  2 shadows (D:12)
  A vampire (D:12)
  A wraith (D:11)
  2 wyverns
  25 yaks
  A basilisk (D:14)
  4 vampire mosquitoes (D:12)
  An acid dragon (D:12)
  A warg (Orc:1)
  A porcupine (D:9)
  7 ice beasts
  An eye of draining (D:11)
  8 orc warriors
  2 sky beasts
  7 ogres
  2 black bears (D:9)
  12 centaurs
  3 big kobolds
  8 bullfrogs
  A gnoll sergeant (D:11)
  3 scorpions
  7 wights
  24 killer bees
  5 spriggan skeletons (D:12)
  A troll skeleton (D:12)
  A howler monkey (D:11)
  2 bullfrog zombies
  A centaur zombie (D:5)
  A bullfrog skeleton (D:13)
  9 hounds
  4 orc priests
  3 jellies
  12 orc wizards
  4 iguanas
  9 worker ants
  A hound skeleton (D:11)
  2 worker ant zombies
  Robin (D:4)
  7 adders
  5 gnolls (D:11)
  A shadow imp (D:6)
  15 white imps
  2 ufetubi
  2 oozes
  3 adder skeletons
  An adder zombie (D:6)
  2 worms (D:2)
  3 dart slugs
  8 leopard geckos
  37 orcs
  A ball python (D:1)
  A giant cockroach (D:6)
  16 goblins
  8 hobgoblins
  14 jackals
  11 quokkas
  6 bats
  5 frilled lizards
  18 kobolds
  A quokka zombie (D:6)
  8 rats
387 creatures vanquished.

Vanquished Creatures (collateral kills)
  2 two-headed ogres
  Sonja (D:11)
  A centaur skeleton (D:11)
  2 ogres (D:10)
6 creatures vanquished.

Vanquished Creatures (others)
  Erica (D:9)
  A wight (D:12)
  23 bushes (D:13)
  14 fungi (D:9)
  19 plants (D:9)
58 creatures vanquished.

Grand Total: 451 creatures vanquished

Notes
Turn   | Place    | Note
-------+----------+-------------------------------------------
     0 | D:1      | DogServant the Formicid Fighter began the quest for the
                  | Orb.
     0 | D:1      | Reached XP level 1. HP: 18/18 MP: 1/1
   241 | D:1      | Reached XP level 2. HP: 24/24 MP: 2/2
   806 | D:1      | Reached XP level 3. HP: 28/30 MP: 3/3
  1075 | D:2      | Found a stormy altar of Qazlal.
  1096 | D:2      | Became a worshipper of Qazlal Stormbringer
  1439 | D:2      | Reached XP level 4. HP: 34/38 MP: 4/4
  1621 | D:2      | Found a burning altar of Makhleb.
  1621 | D:2      | Noticed a green death
  1624 | D:2      | Noticed an orange demon
  1624 | D:2      | Noticed an orange demon
  2211 | D:3      | Found an ancient bone altar of Kikubaaqudgha.
  2232 | D:3      | Reached * piety under Qazlal
  2232 | D:3      | Reached XP level 5. HP: 43/43 MP: 5/5
  2437 | D:4      | Noticed an ogre
  2467 | D:4      | Noticed Robin
  2472 | D:3      | Reached skill level 5 in Fighting
  2674 | D:4      | Killed Robin
  2708 | D:4      | Killed an ogre
  2708 | D:4      | Reached XP level 6. HP: 51/51 MP: 6/6
  2780 | D:4      | Reached ** piety under Qazlal
  2849 | D:4      | Found a shimmering altar of Xom.
  2864 | D:4      | Found Jetozoudgh's Book Boutique.
  2885 | D:4      | Found a burning altar of Makhleb.
  3130 | D:5      | Entered Level 5 of the Dungeon
  3352 | D:5      | Reached skill level 5 in Long Blades
  3352 | D:5      | Reached XP level 7. HP: 53/58 MP: 7/7
  3653 | D:5      | Found a shattered altar of Ashenzari.
  3655 | D:5      | Found a sparkling altar of Nemelex Xobeh.
  3656 | D:5      | Found an iron altar of Okawaru.
  3659 | D:5      | Found a hide-covered altar of Uskayaw.
  3791 | D:5      | Found a basalt altar of Yredelemnul.
  4029 | D:6      | Reached XP level 8. HP: 43/67 MP: 8/8
  4750 | D:6      | Reached *** piety under Qazlal
  4755 | D:6      | Found a snail-covered altar of Cheibriados.
  4852 | D:6      | Reached skill level 5 in Shields
  4932 | D:6      | Found a staircase to the Ecumenical Temple.
  5193 | D:7      | Reached XP level 9. HP: 69/74 MP: 9/9
  5278 | D:7      | Reached skill level 5 in Armour
  5278 | D:7      | Reached skill level 1 in Invocations
  5355 | D:7      | Reached skill level 2 in Invocations
  5440 | D:7      | Reached skill level 3 in Invocations
  5577 | D:7      | Found Lytoama's General Store.
  5607 | D:7      | Reached skill level 4 in Invocations
  5624 | D:7      | Reached skill level 5 in Invocations
  5686 | D:7      | Reached **** piety under Qazlal
  5686 | D:7      | Reached skill level 6 in Invocations
  5686 | D:7      | Reached XP level 10. HP: 38/80 MP: 14/14
  6381 | D:4      | Bought a book of Air for 350 gold pieces
  6383 | D:4      | Learned a level 1 spell: Shock
  6507 | D:8      | Noticed a two-headed ogre
  6515 | D:8      | Killed a two-headed ogre
  6515 | D:8      | Reached skill level 1 in Spellcasting
  6515 | D:8      | Reached skill level 1 in Air Magic
  6515 | D:8      | Reached skill level 7 in Invocations
  6571 | D:8      | Found a blossoming altar of Fedhas.
  6576 | D:8      | Found a hazy altar of Hepliaklqana.
  7412 | D:9      | Noticed a two-headed ogre
  7429 | D:9      | Killed a two-headed ogre
  7429 | D:9      | Reached skill level 8 in Invocations
  7612 | D:9      | Noticed Erica
  7630 | D:9      | Killed Erica
  7630 | D:9      | Reached XP level 11. HP: 66/86 MP: 17/17
  7638 | D:9      | Reached skill level 9 in Invocations
  8176 | D:9      | Found a staircase to the Lair.
  8379 | D:10     | Entered Level 10 of the Dungeon
  8397 | D:10     | Reached skill level 1 in Dodging
  8734 | D:10     | Noticed a two-headed ogre
  8746 | D:10     | Killed a two-headed ogre
  8746 | D:10     | Reached skill level 10 in Invocations
  8747 | D:10     | Found a staircase to the Orcish Mines.
  8891 | Orc:1    | Entered Level 1 of the Orcish Mines
  8893 | Orc:1    | Noticed a two-headed ogre
  8901 | Orc:1    | Noticed an ogre mage
  8920 | D:10     | Killed a two-headed ogre
  9516 | D:11     | Noticed Urug
  9535 | D:11     | Killed Urug
  9535 | D:11     | Reached XP level 12. HP: 20/95 MP: 18/20
  9761 | D:11     | Noticed a two-headed ogre
  9769 | D:11     | Killed a two-headed ogre
  9876 | D:11     | Reached skill level 11 in Invocations
  9878 | D:11     | Noticed Psyche
  9888 | D:11     | Killed Psyche
  9974 | D:11     | Noticed Sonja
  9990 | D:11     | Noticed a two-headed ogre
  9996 | D:11     | Killed a two-headed ogre
 10001 | D:11     | Killed Sonja
 10656 | D:12     | Noticed Nessos
 10692 | D:12     | Killed Nessos
 10692 | D:12     | Reached skill level 10 in Shields
 10743 | D:12     | Noticed Nergalle
 10751 | D:12     | Noticed a two-headed ogre
 10766 | D:12     | Killed Nergalle
 10784 | D:12     | Killed a two-headed ogre
 11232 | D:12     | Reached skill level 12 in Invocations
 11256 | D:12     | Reached XP level 13. HP: 79/102 MP: 14/22
 11603 | D:12     | Reached skill level 10 in Fighting
 11884 | D:12     | Noticed Maurice
 11891 | D:12     | Killed Maurice
 11891 | D:12     | Reached skill level 5 in Dodging
 12346 | D:13     | Noticed a centaur warrior
 12358 | D:13     | Noticed Snorg
 12361 | D:13     | Killed a centaur warrior
 12363 | D:13     | Reached skill level 10 in Armour
 12401 | D:13     | Killed Snorg
 12401 | D:13     | Reached skill level 13 in Invocations
 12652 | D:13     | Found a frozen archway.
 12665 | IceCv    | Entered an ice cave
 13357 | D:13     | Got a pitted falchion
 13409 | D:13     | Noticed a centaur warrior
 13410 | D:13     | Noticed a centaur warrior
 13413 | D:13     | You fall into a shaft and drop 1 floor!
 13424 | D:14     | Slain by an orc warrior

Illustrated notes

Levels and vault maps discovered:
D:1:      nicolae_arrival_memento_mori, layout_basic
D:2:      layout_loops_cross, grunt_qazlal_sundering, st_stairs_1,
          makhleb_altar_promises_db
D:3:      minmay_spotlight, layout_rooms, lemuel_round_altar
D:4:      layout_cave_pools, lemuel_round_altar, serial_shops, shop,
          xom_teletrap_fun, uniq_robin
D:5:      layout_loops_ring, kennysheep_mini_moat,
          grunt_temple_overflow_cloverleaf
D:6:      layout_cave_pools, lemuel_round_altar, minmay_temple_entry_slanted,
          nrook_mini_backslash
D:7:      layout_gridville, serial_shops, shop, grunt_ministairs_9
D:8:      layout_loops_ring, minitemple
D:9:      layout_loops_ring, grunt_lair_entry_orc_guard_hut, uniq_erica
D:10:     layout_cave_pools, kennysheep_generic_room_9
D:11:     layout_rooms, uniq_psyche, uniq_sonja, uniq_urug
D:12:     layout_loops_ring, hangedman_tell_no_tales, uniq_nessos, uniq_maurice,
          uniq_nergalle
D:13:     layout_loops_ring, portal_ice_cave_entry_imps, enter_bailey_2,
          serial_shops, shop, nicolae_shop_statue_plus, kennysheep_mini,
          minmay_hedge_maze, uniq_snorg
D:14:     layout_basic, ximxim_vaults_locker_room, serial_bayou_pond_d
Orc:1:    layout_caves, nicolae_volcano_entry_s_turn, uniq_harold

Skill      XL: |  1  2  3  4  5  6  7  8  9 10 11 12 13 |
---------------+----------------------------------------+-----
Fighting       | 4 5 6 7 8 9 10 | 10.4
Long Blades    | 3 4 5 6 7 8 9 |  9.3
Shields        | 5 7 8 9 10 11 | 11.0
Armour         | 4 6 7 8 9 10 | 10.2
Invocations    | 6 8 10 12 13 | 13.2
Spellcasting   | 3 |  3.1
Air Magic      | 2 |  2.5
Dodging        | 3 4 5 |  5.6
Axes           | |  0.5

Action                   |  1- 3 |  4- 6 |  7- 9 | 10-12 | 13-15 || total
-------------------------+-------+-------+-------+-------+-------++-------
Melee: Long sword        |   116 |   156 |   249 |   155 |       ||   676
       Scimitar          |       |       |       |   362 |   304 ||   666
Invok: Upheaval          |       |       |       |    19 |     5 ||    24
       Elemental Force   |       |       |       |     2 |     1 ||     3
 Abil: Dig               |       |       |       |     1 |       ||     1
       Shaft Self        |       |       |       |       |     1 ||     1
  Use: Scroll            |     3 |     5 |     1 |     4 |     4 ||    17
       Potion            |       |       |     1 |     3 |     1 ||     5
Armor: Scale mail        |    60 |    71 |    41 |       |       ||   172
       Ice dragon scales |       |       |    48 |    15 |       ||    63
       Plate armour      |       |       |       |   150 |   138 ||   288
Dodge: Dodged            |    47 |    85 |    84 |   172 |   136 ||   524
       Repelled          |       |       |       |     2 |     4 ||     6
Block: Kite shield       |    59 |   122 |   210 |   457 |   321 ||  1169
       Rpst.: Long sword |    15 |    26 |    20 |    11 |       ||    72
       Scimitar          |       |       |       |    29 |    39 ||    68

Table legend: (Time is in decaauts)
 A = Elapsed time spent in this place.
 B = Non-inter-level travel time spent in this place.
 C = Inter-level travel time spent in this place.
 D = Time resting spent in this place.
 E = Time spent auto-exploring this place.
 F = Levels seen in this place.
 G = Mean time per level.
                   A        B        C        D        E       F      G
               +--------+--------+--------+--------+--------+-----+--------+
         Total |  13545 |  12963 |    582 |   2282 |   7667 |  16 |  846.6 |
       Dungeon |  12857 |  12275 |    582 |   1978 |   7443 |  14 |  918.4 |
  Orcish Mines |     10 |     10 |      0 |      0 |      0 |   1 |   10.0 |
      Ice Cave |    676 |    676 |      0 |    304 |    224 |   1 |  676.0 |
               +--------+--------+--------+--------+--------+-----+--------+

Top non-repeatable levels by time:
    D:11: 1611 daAuts
     D:9: 1312 daAuts
    D:12: 1282 daAuts
     D:7: 1201 daAuts
     D:5: 1009 daAuts
     D:2: 962 daAuts
     D:1: 883 daAuts
     D:6: 874 daAuts
     D:8: 870 daAuts
    D:10: 818 daAuts
     D:3: 816 daAuts
     D:4: 803 daAuts
   IceCv: 676 daAuts
    D:13: 398 daAuts
    D:14: 11 daAuts
